 Dungeon Crawl Stone Soup version 0.30-a0-242-g7bf8e6d787 (webtiles) character file.

Game seed: 17983756345775296104

90 sleeves the Slasher (level 4, 12/35 HPs)
             Began as a Demonspawn Cinder Acolyte on Oct 11, 2022.
             Was a High Priest of Ignis.
             Quit the game on level 4 of the Dungeon.
             The game lasted 00:02:14 (2436 turns).

sleeves the Slasher (Demonspawn Cinder Acolyte)     Turns: 2436, Time: 00:02:15

Health: 12/35      AC:  9    Str: 16    XL:     4   Next: 32%
Magic:  5/5        EV: 11    Int: 22    God:    Ignis [*****.]
Gold:   128        SH:  0    Dex:  8    Spells: 5/5 levels left

rFire   + . .      SeeInvis .    n - +4 short sword
rCold   . . .      Faith    .    (no shield)
rNeg    . . .      Spirit   .    j - +0 leather armour
rPois   .          Reflect  .    (no helmet)
rElec   .          Harm     .    (no cloak)
rCorr   .          Rampage  .    (no gloves)
Will    .....                    (no boots)
Stlth   +.........               (no amulet)
HPRegen 0.25/turn                c - +4 ring of protection
MPRegen 0.09/turn                s - +6 ring of intelligence

@: no status effects
A: slimy green scales 1, demonic guardian 1
a: Renounce Religion, Fiery Armour, Foxfire Swarm, Rising Flame


You were on level 4 of the Dungeon.
You worshipped Ignis.
Ignis was extremely pleased with you.
You visited 1 branch of the dungeon, and saw 4 of its levels.

You collected 128 gold pieces.

Inventory:

Hand Weapons
 a - a -1 falchion of flaming
 n - a +4 short sword (weapon)
   (You found it on level 2 of the Dungeon)
Missiles
 o - 5 curare-tipped darts (quivered)
Armour
 j - a +0 leather armour (worn)
   (You found it on level 1 of the Dungeon)
 k - a +0 kite shield
   (You found it on level 2 of the Dungeon)
 t - a +0 helmet
   (You found it on level 4 of the Dungeon)
Magical Staves
 u - a staff of conjuration
   (You found it on level 4 of the Dungeon)
Jewellery
 c - a +4 ring of protection (left hand)
   (You found it on level 1 of the Dungeon)
 s - a +6 ring of intelligence (right hand)
   (You found it on level 3 of the Dungeon)
Wands
 v - a wand of paralysis (6)
   (You found it on level 4 of the Dungeon)
Scrolls
 f - 2 scrolls of blinking {unknown}
 h - a scroll of teleportation {unknown}
 l - a scroll of immolation {unknown}
 p - a scroll of summoning {unknown}
 r - a scroll of enchant armour {unknown}
Potions
 b - a potion of resistance {unknown}
 d - a potion of degeneration {unknown}
 e - 2 potions of invisibility {unknown}
 g - 2 potions of curing {unknown}
 i - a potion of haste {unknown}
 m - 5 potions of heal wounds {unknown}
 q - a potion of brilliance {unknown}


   Skills:
 - Level 3.0 Fighting
 + Level 4.7 Long Blades
 - Level 1.0 Spellcasting
 - Level 2.6 Fire Magic


You had 5 spell levels left.
You didn't know any spells.
Your spell library contained the following spells:

 Spells                   Type           Power      Damage    Failure   Level
 Scorch                   Fire           24%        2d6       10%         2
 Apportation              Tloc           2%         N/A       19%         1
 Summon Small Mammal      Summ           4%         N/A       19%         1
 Call Canine Familiar     Summ           1%         N/A       50%         3
 Summon Guardian Golem    Hex/Summ       1%         N/A       50%         3
 Alistair's Intoxication  Tmut/Pois      0%         N/A       99%         5


Dungeon Overview and Level Annotations

Branches:
Dungeon (4/15)
 Temple: D:4-7

Altars:
Uskayaw
Vehumet


Innate Abilities, Weirdness & Mutations

You are partially covered in slimy green scales. (AC +2)
A weak demonic guardian rushes to your aid.


Message History

No target in view!
No target in view!
No target in view!
No target in view!
No target in view!
No target in view!
No target in view!
No target in view!
No target in view!
No target in view!
No target in view!
The hobgoblin shouts!
Found a book of Party Tricks.
The hobgoblin barely misses you.
You hit the hobgoblin. You burn the hobgoblin.
The hobgoblin is heavily wounded.
The hobgoblin hits you but does no damage.
You closely miss the hobgoblin.
The hobgoblin is heavily wounded.
The hobgoblin barely misses you.
You hit the hobgoblin. You burn the hobgoblin.
You kill the hobgoblin!
You have reached level 2!
Your demonic ancestry asserts itself...
Slimy green scales grow over part of your body.
f - a scroll labelled PUKIJO EN JEO You pick up a book of Party Tricks and begin reading...
You add the spells Apportation and Alistair's Intoxication to your library.
Found a leather armour.
You see here a +0 leather armour.
g - a bubbling yellow potion
Found 5 stones.
h - a scroll labelled UCERCH UTSO No target in view!
No target in view!
No target in view!
No target in view!
No target in view!
No target in view!
No target in view!
No target in view!
No target in view!
You see here 5 stones.
You now have 12 gold pieces.
i - a fizzy inky potion A bat comes into view.
A bat is nearby!
The bat hits you but does no damage.
You barely miss the bat. The bat hits you but does no damage.
The bat closely misses you. The bat hits you but does no damage.
The bat closely misses you.
You closely miss the bat. The bat hits you but does no damage.
The bat closely misses you. The bat hits you but does no damage.
No target in view!
No target in view!
No target in view!
No target in view!
No target in view!
No target in view!
No target in view!
The bat hits you but does no damage.
A bat is nearby!
The bat misses you.
You completely miss the bat. The bat hits you but does no damage.
The bat hits you.
You miss the bat. The bat barely misses you.
The bat hits you but does no damage. The bat closely misses you.
You hit the bat. You burn the bat.
You kill the bat!
No target in view!
No target in view!
No target in view!
No target in view!
No target in view!
No target in view!
No target in view!
No target in view!
Found 5 stones.
There is a stone staircase leading down here.
You see here 5 stones.
Done exploring.
No target in view!
No target in view!
No target in view!
Done exploring.
Done exploring.
Search for what [? for help]? armor You see here a +0 leather armour.
j - a +0 leather armour You start removing your armour.
You continue taking off your +0 robe. x4
You finish taking off your +0 robe.
You start putting on your armour.
You continue putting on your +0 leather armour. x5
You finish putting on your +0 leather armour.
You drop a +0 robe.
(D) Dungeon
Where to? (Enter - D:1 @ (x,y), ? - help)
Okay, then.
Unknown command.
Unknown command.
Unknown command.
(D) Dungeon
Where to? (Enter - D:1 @ (x,y), ? - help)
There is a stone staircase leading down here.
You climb downwards.
Found a stone staircase leading down.
There is a stone staircase leading up here.
A giant cockroach is nearby!
A giant cockroach is nearby!
A giant cockroach is nearby!
A giant cockroach is nearby!
Found 11 gold pieces.
The giant cockroach misses you.
There is a stone staircase leading down here.
You hit the giant cockroach. You burn the giant cockroach.
The giant cockroach is almost dead.
The giant cockroach barely misses you.
The giant cockroach bites you but does no damage.
You hit the giant cockroach. You burn the giant cockroach.
You kill the giant cockroach!
No target in view!
No target in view!
No target in view!
No target in view!
No target in view!
No target in view!
No target in view!
No target in view!
Found a kite shield.
You now have 23 gold pieces (gained 11).
b - a smoky orange potion You now have 34 gold pieces (gained 11).
A quokka comes into view.
The quokka moves out of view.
You hit the quokka. You burn the quokka.
You kill the quokka!
No target in view!
No target in view!
No target in view!
No target in view!
You see here a +0 kite shield.
k - a +0 kite shield You open the door.
Found a stone staircase leading up.
There is an open door here.
A goblin comes into view. It is wielding a +0 long sword.
A goblin is nearby!
The goblin shouts!
You barely miss the goblin. The goblin hits you but does no damage.
You hit the goblin. You burn the goblin.
The goblin is severely wounded.
The goblin hits you but does no damage.
You closely miss the goblin.
The goblin is severely wounded.
The goblin misses you.
You hit the goblin but do no damage.
The goblin is severely wounded.
The goblin closely misses you.
The goblin hits you with a +0 long sword.
You hit the goblin but do no damage.
The goblin is severely wounded.
The goblin barely misses you.
You hit the goblin. You burn the goblin.
You kill the goblin!
No target in view!
No target in view!
No target in view!
No target in view!
HP restored.
You now have 45 gold pieces (gained 11).
You see here a +0 long sword.
l - a scroll labelled ORUECZUIZI
m - 2 emerald potions As you open the door, it creaks loudly!
No target in view!
No target in view!
No target in view!
There is an open door here.
Found a club.
There is an open door here.
Found a stone staircase leading down.
A ball python comes into view.
A quokka comes into view.
You closely miss the ball python.
The ball python bites you but does no damage.
The ball python barely misses you.
You barely miss the ball python. The ball python closely misses you.
The ball python grabs you. The ball python constricts you.
You hit the ball python. You burn the ball python.
You kill the ball python!
The quokka bites you.
You hit the quokka. You burn the quokka.
The quokka is almost dead.
The quokka closely misses you.
You barely miss the quokka.
The quokka is almost dead.
The quokka closely misses you.
The quokka bites you but does no damage.
You hit the quokka but do no damage.
The quokka is almost dead.
The quokka barely misses you.
You barely miss the quokka.
The quokka is almost dead.
The quokka bites you but does no damage.
You hit the quokka. You burn the quokka.
You kill the quokka!
No target in view!
No target in view!
No target in view!
No target in view!
No target in view!
No target in view!
No target in view!
No target in view!
You open the door.
There is an open door here.
There is an open door here.
There is an open door here.
Found a spear.
You see here a +0 spear.
You open the door.
There is an open door here.
You open the door.
There is an open door here.
You pick up a book of Callings and begin reading...
You add the spells Summon Small Mammal, Call Canine Familiar and Summon Guardian Golem to your library.
You open the door.
There is an open door here.
Found a stone staircase leading up.
No target in view!
No target in view!
No target in view!
There is a stone staircase leading up here.
Found a chain mail.
You see here a +0 chain mail.
You see here a +0 robe of willpower.
Found a stone staircase leading down.
No target in view!
No target in view!
No target in view!
No target in view!
No target in view!
No target in view!
A dart slug comes into view.
A dart slug is nearby!
A dart slug is nearby!
A goblin comes into view. It is wielding a +0 dagger.
The dart slug closely misses you.
The goblin moves out of view.
You hit the dart slug. You burn the dart slug.
The dart slug is heavily wounded.
The dart slug closely misses you.
You hit the dart slug. You burn the dart slug.
You kill the dart slug!
You slash the goblin! You burn the goblin.
You kill the goblin!
No target in view!
No target in view!
No target in view!
No target in view!
You see here a +0 dagger.
There is a stone staircase leading down here.
There is a stone staircase leading down here.
There is a stone staircase leading up here.
There is an open door here.
Found a sling.
You now have 58 gold pieces (gained 13).
You see here a +0 sling.
There is an open door here.
There is an open door here.
You see here a +4 short sword.
Done exploring.
No target in view!
No target in view!
No target in view!
No target in view!
Done exploring.
Done exploring.
(D) Dungeon
Where to? (Enter - D:2, ? - help)
Okay, then.
Search for what [Enter for "armor", or ? for help]? sword
There is an open door here.
You see here a +0 long sword.
Search for what [Enter for "sword", or ? for help]?
There is an open door here.
You see here a +4 short sword.
n - a +4 short sword Your -1 falchion of flaming stops flaming.
n - a +4 short sword (weapon)
(D) Dungeon
Where to? (Enter - D:2 @ (x,y), ? - help)
There is an open door here.
You see here a +0 club.
There is a stone staircase leading down here.
You climb downwards.
You hear the sound of rushing water.
There is an entrance to a sewer on this level.
Hurry and find it before the portal rusts away!
There is a stone staircase leading up here.
You now have 66 gold pieces (gained 8).
A giant cockroach comes into view.
A giant cockroach is nearby!
A giant cockroach is nearby!
No target in view!
No target in view!
No target in view!
No target in view!
No target in view!
No target in view!
No target in view!
No target in view!
No target in view!
No target in view!
No target in view!
You puncture the giant cockroach!
You kill the giant cockroach!
No target in view!
No target in view!
No target in view!
No target in view!
No target in view!
No target in view!
No target in view!
No target in view!
m - 3 emerald potions (gained 1)
You now have 81 gold pieces (gained 15).
An endoplasm comes into view.
The endoplasm quivers.
An endoplasm is nearby!
An endoplasm is nearby!
The endoplasm freezes you.
You are frozen.
You hit the endoplasm.
The endoplasm is almost dead.
The endoplasm closely misses you.
You hit the endoplasm.
You kill the endoplasm!
No target in view!
No target in view!
No target in view!
No target in view!
No target in view!
No target in view!
No target in view!
No target in view!
No target in view!
You hear the slow rusting of a drain nearby.
HP restored.
You now have 91 gold pieces (gained 10).
A ball python comes into view.
The ball python hisses angrily.
A ball python is nearby!
An orc comes into view. It is wielding a +0 hand axe.
Found a sling.
The orc shouts!
The ball python bites you but does no damage.
The ball python completely misses you.
You barely miss the ball python. The ball python closely misses you. x2
You hit the ball python.
The ball python is severely wounded.
The ball python misses you. The ball python closely misses you.
You barely miss the ball python.
The ball python is severely wounded.
The ball python bites you but does no damage.
The ball python grabs you. The ball python constricts you.
You puncture the ball python!
You kill the ball python!
You closely miss the orc. The orc barely misses you.
You closely miss the orc. The orc hits you but does no damage.
You hit the orc.
The orc is heavily wounded.
The orc hits you but does no damage.
An orc is nearby!
You hit the orc but do no damage.
The orc is heavily wounded.
You hit the orc.
You kill the orc!
No target in view!
No target in view!
No target in view!
No target in view!
No target in view!
No target in view!
You hear the slow rusting of a drain nearby.
A rat comes into view.
A rat is nearby!
A rat is nearby!
The rat bites you.
You barely miss the rat. The rat bites you but does no damage.
You hit the rat.
You kill the rat!
No target in view!
No target in view!
No target in view!
No target in view!
No target in view!
You now have 95 gold pieces (gained 4).
Found a stone staircase leading up.
Found a leather armour.
There is a stone staircase leading up here.
You hear the slow rusting of a very distant drain.
You see here a +0 leather armour.
You see here a +0 sling.
Found 5 curare-tipped darts.
No target in view!
No target in view!
No target in view!
No target in view!
No target in view!
No target in view!
No target in view!
No target in view!
No target in view!
You hear the slow rusting of a drain very nearby.
Found a stone staircase leading up.
Found a stone staircase leading down.
Found 3 boomerangs.
Search for what [Enter for "sword", or ? for help]? cura
Things that are here:
a +0 hand axe; an orc corpse You see here 5 curare-tipped darts.
o - 5 curare-tipped darts You hear the slow rusting of a distant drain.
Found a stone staircase leading down.
Found a stone staircase leading down.
An endoplasm comes into view.
You hear the rusting of a very distant drain.
The endoplasm quivers.
An endoplasm is nearby!
The endoplasm barely misses you.
You hit the endoplasm but do no damage. The endoplasm freezes you.
You are frozen.
You completely miss the endoplasm.
The endoplasm hits you but does no damage.
You hit the endoplasm.
The endoplasm is heavily wounded.
The endoplasm freezes you.
You are frozen.
You hit the endoplasm.
You kill the endoplasm!
You have reached level 3!
Your experience leads to an increase in your attributes!
Increase (S)trength, (I)ntelligence, or (D)exterity?
You feel stronger. x2
An orc comes into view. It is wielding a +0 short sword.
An orc is nearby!
An orc is nearby!
An orc is nearby!
The orc hits you with a +0 short sword.
You hit the orc.
The orc is moderately wounded.
The orc hits you but does no damage.
You hit the orc.
You kill the orc!
No target in view!
No target in view!
No target in view!
No target in view!
No target in view!
No target in view!
No target in view!
p - a scroll labelled LUDAHOGHOI
Found 3 stones.
An adder comes into view.
The adder hisses angrily.
A goblin comes into view. It is wielding a +0 club.
The goblin shouts!
The adder bites you but does no damage.
You barely miss the adder. The adder bites you but does no damage.
You closely miss the adder. The adder bites you but does no damage.
You barely miss the adder. The adder closely misses you.
The adder bites you but does no damage.
You hit the adder.
The adder is heavily wounded.
The adder bites you.
You are poisoned.
The adder poisons you!
You miss the adder.
The adder is heavily wounded.
You feel sick. The adder bites you but does no damage.
You puncture the adder!
You kill the adder!
You hear the rusting of a very distant drain.
You feel sick.
Your Long Blades skill increases to level 4!
You closely miss the goblin.
You feel sick. The goblin hits you but does no damage.
You closely miss the goblin.
You feel sick. The goblin barely misses you.
You closely miss the goblin. You hit the goblin.
You kill the goblin!
You feel sick.
No target in view!
No target in view!
No target in view!
No target in view!
No target in view!
No target in view!
No target in view!
No target in view!
No target in view!
No target in view!
You feel sick.
You are no longer poisoned.
You see here a +0 club.
You hear the brisk rusting of a drain nearby.
You open the door.
Found a faded altar of an unknown god.
There is an open door here.
There is a faded altar of an unknown god here.
g - 2 bubbling yellow potions (gained 1)
You open the door.
There is an open door here.
q - a dark potion A dart slug comes into view.
The dart slug launches a dart at you.
The slug dart hits you but does no damage.
A dart slug is nearby!
You barely miss the dart slug. You hit the dart slug.
The dart slug is moderately wounded.
The dart slug misses you.
You hit the dart slug.
The dart slug is heavily wounded.
The dart slug barely misses you.
You hit the dart slug.
The dart slug is almost dead.
You hit the dart slug.
You kill the dart slug!
No target in view!
No target in view!
No target in view!
No target in view!
You see here a dart slug corpse.
A quokka comes into view.
A quokka is nearby!
A quokka is nearby!
The quokka barely misses you.
You closely miss the quokka.
You hear the brisk rusting of a drain very nearby.
The quokka bites you but does no damage.
You hit the quokka.
The quokka is moderately wounded.
The quokka bites you.
You hit the quokka.
You kill the quokka!
No target in view!
No target in view!
No target in view!
No target in view!
No target in view!
No target in view!
No target in view!
No target in view!
No target in view!
You see here a quokka corpse.
You see here a quokka corpse.
You see here 3 boomerangs.
A quokka comes into view.
A quokka is nearby!
You hear the brisk rusting of a drain very nearby.
You closely miss the quokka. The quokka bites you.
You hit the quokka.
The quokka is lightly wounded.
The quokka bites you but does no damage.
You closely miss the quokka.
The quokka is lightly wounded.
The quokka barely misses you.
You hit the quokka.
The quokka is severely wounded.
The quokka misses you.
You hit the quokka.
You kill the quokka!
No target in view!
No target in view!
No target in view!
No target in view!
You see here a quokka corpse.
You enter the shallow water.
Moving in this stuff is going to be slow.
A worm comes into view.
A worm is nearby!
A worm is nearby!
You barely miss the worm. The worm bites you.
You hit the worm.
The worm is moderately wounded.
You hit the worm.
The worm is moderately wounded.
The worm bites you but does no damage.
You hit the worm.
The worm is heavily wounded.
The worm completely misses you.
You completely miss the worm.
The worm is heavily wounded.
Your unstable footing causes you to fumble your attack.
The worm bites you.
You hit the worm.
The worm is severely wounded.
Your unstable footing causes you to fumble your attack.
The worm closely misses you.
You hit the worm.
The worm is severely wounded.
You hit the worm.
The worm is almost dead.
The worm bites you.
You hit the worm.
The worm is almost dead.
You hit the worm.
You kill the worm!
No target in view!
No target in view!
No target in view!
No target in view!
No target in view!
No target in view!
No target in view!
No target in view!
No target in view!
You hear the quick rusting of a drain.
You see here a worm corpse.
You enter the shallow water.
Moving in this stuff is going to be slow.
You enter the shallow water.
Moving in this stuff is going to be slow.
A quokka comes into view.
A quokka is nearby!
A quokka is nearby!
The quokka barely misses you.
You hit the quokka.
The quokka is heavily wounded.
The quokka bites you but does no damage.
You hit the quokka.
You kill the quokka!
No target in view!
No target in view!
No target in view!
No target in view!
No target in view!
No target in view!
No target in view!
No target in view!
No target in view!
You enter the shallow water.
Moving in this stuff is going to be slow.
You see here a quokka corpse.
A rat comes into view.
A rat is nearby!
A rat is nearby!
Your unstable footing causes you to fumble your attack.
The rat bites you but does no damage.
You hit the rat.
You kill the rat!
No target in view!
No target in view!
No target in view!
No target in view!
No target in view!
No target in view!
No target in view!
You see here a rat corpse.
You enter the shallow water.
Moving in this stuff is going to be slow.
You enter the shallow water.
Moving in this stuff is going to be slow.
A rat comes into view.
A rat is nearby!
A rat is nearby!
The rat bites you but does no damage.
The rat splashes around in the water.
You hit the rat.
The rat is heavily wounded.
You hit the rat.
You kill the rat!
No target in view!
No target in view!
No target in view!
No target in view!
No target in view!
No target in view!
No target in view!
You enter the shallow water.
Moving in this stuff is going to be slow.
You hear the quick rusting of a drain.
You enter the shallow water.
Moving in this stuff is going to be slow.
Found a glowing drain.
You enter the shallow water.
Moving in this stuff is going to be slow.
You enter the shallow water.
Moving in this stuff is going to be slow.
You enter the shallow water.
Moving in this stuff is going to be slow.
You enter the shallow water.
Moving in this stuff is going to be slow.
You see here a rat corpse.
You see here a quokka corpse.
You enter the shallow water.
Moving in this stuff is going to be slow.
You enter the shallow water.
Moving in this stuff is going to be slow.
You hear the rapid rusting of a drain.
You see here a worm corpse.
You enter the shallow water.
Moving in this stuff is going to be slow.
You see here a quokka corpse.
You hear the rapid rusting of a very distant drain.
You see here a +0 short sword. 2 orcs come into view.
The orc shouts!
The orc closely misses you.
You closely miss the orc. The orc hits you with a +0 flail.
You barely miss the orc. The orc barely misses you.
You barely miss the orc. The orc barely misses you.
You hit the orc.
The orc is heavily wounded.
You hit the orc but do no damage.
The orc is heavily wounded.
The orc hits you with a +0 flail.
You closely miss the orc.
The orc is heavily wounded.
The orc hits you with a +0 flail.
You are too injured to fight recklessly!
You are too injured to fight recklessly!
You are too injured to fight recklessly!
You are too injured to fight recklessly!
You are too injured to fight recklessly!
You are too injured to fight recklessly!
You are too injured to fight recklessly!
You are too injured to fight recklessly!
You are too injured to fight recklessly!
You are too injured to fight recklessly!
You are too injured to fight recklessly!
You are too injured to fight recklessly!
You hit the orc.
The orc is almost dead.
The orc barely misses you.
You hit the orc.
You kill the orc!
You hit the orc.
The orc is almost dead.
The orc barely misses you.
You barely miss the orc.
The orc is almost dead.
The orc closely misses you.
You closely miss the orc.
The orc is severely wounded.
You hit the orc.
The orc is almost dead.
The orc misses you.
You barely miss the orc.
The orc is almost dead.
The orc hits you but does no damage.
You hit the orc.
You kill the orc!
Items here: )) ††.
Unknown command.
You hear the rapid rusting of a very distant drain.
You see here a +0 club.
You see here 3 boomerangs.
You hear the rapid rusting of a drain very nearby.
You see here a quokka skeleton.
You enter the shallow water.
Moving in this stuff is going to be slow.
You hear the drain falling apart.
You enter the shallow water.
Moving in this stuff is going to be slow.
You enter the shallow water.
Moving in this stuff is going to be slow.
The walls and floor vibrate strangely for a moment.
You enter the shallow water.
Moving in this stuff is going to be slow.
You see here a quokka skeleton.
You see here a rat skeleton.
You enter the shallow water.
Moving in this stuff is going to be slow.
You enter the shallow water.
Moving in this stuff is going to be slow.
You enter the shallow water.
Moving in this stuff is going to be slow.
You enter the shallow water.
Moving in this stuff is going to be slow.
There is a collapsed entrance here.
You can't go down here!
You enter the shallow water.
Moving in this stuff is going to be slow.
You enter the shallow water.
Moving in this stuff is going to be slow.
You enter the shallow water.
Moving in this stuff is going to be slow.
You enter the shallow water.
Moving in this stuff is going to be slow.
You enter the shallow water.
Moving in this stuff is going to be slow.
You see here a rat skeleton.
You see here a quokka skeleton.
You enter the shallow water.
Moving in this stuff is going to be slow.
You enter the shallow water.
Moving in this stuff is going to be slow.
You enter the shallow water.
Moving in this stuff is going to be slow.
You see here a quokka skeleton.
Found a radiant altar of Vehumet.
Found a robe.
As you open the door, it creaks loudly!
A kobold comes into view. It is wielding a +0 dagger.
The kobold shouts!
The kobold throws a stone.
The stone closely misses you.
A kobold is nearby!
Found a dagger.
An orc comes into view. It is wielding a +0 club.
There is an open door here.
The orc shouts!
You hear a shout!
The kobold hits you but does no damage.
You closely miss the kobold. The kobold hits you but does no damage.
You barely miss the kobold. The kobold barely misses you.
You hit the orc.
The orc is moderately wounded.
The kobold hits you with a +0 dagger. The orc hits you but does no damage.
You closely miss the orc.
The orc is moderately wounded.
The kobold hits you with a +0 dagger. The orc barely misses you.
You barely miss the orc.
The orc is moderately wounded.
The kobold hits you but does no damage. The orc hits you but does no damage.
You hit the orc.
The orc is heavily wounded.
The kobold closely misses you. The orc misses you.
You closely miss the orc.
The orc is heavily wounded.
The kobold hits you but does no damage. The orc hits you with a +0 club.
You hit the orc.
You kill the orc!
You miss the kobold. The kobold closely misses you.
You hit the kobold.
You kill the kobold!
No target in view!
No target in view!
No target in view!
No target in view!
No target in view!
No target in view!
No target in view!
No target in view!
No target in view!
No target in view!
No target in view!
No target in view!
No target in view!
No target in view!
No target in view!
A goblin comes into view. It is wielding a +0 club.
The goblin shouts!
The goblin unwields a +0 club.
The goblin wields a +0 sling.
The goblin shoots a sling bullet.
The sling bullet hits you but does no damage.
The goblin shoots a sling bullet.
The sling bullet closely misses you.
The goblin unwields a +0 sling.
The goblin wields a +0 club.
The goblin closely misses you.
You hit the goblin.
The goblin is moderately wounded.
The goblin hits you but does no damage.
You closely miss the goblin.
The goblin is moderately wounded.
You hit the goblin.
You kill the goblin!
No target in view!
No target in view!
No target in view!
No target in view!
No target in view!
You now have 108 gold pieces (gained 13).
Things that are here:
a +0 club; a +0 sling You open the door.
There is an open door here.
There is an open door here.
Things that are here:
a +0 club; a +0 leather armour
There is an open door here.
You see here a +0 robe.
r - a scroll labelled YPOAFI MOSM
Okay, then.
Autopickup is now off.
Autopickup is now on.
m - 5 emerald potions (gained 2) Partly explored, can't reach some items and places.
Okay, then.
Partly explored, can't reach some items and places.
Partly explored, can't reach some items and places.
Partly explored, can't reach some items and places.
Partly explored, can't reach some items and places.
There is a stone staircase leading down here.
Really walk into that teleport trap?
You enter a teleport trap!
The teleport trap disappears.
Your surroundings suddenly seem different.
Unknown command.
Unknown command.
You see here a +0 robe.
s - a +6 ring of intelligence You feel clever.
s - a +6 ring of intelligence (right hand) Done exploring.
Done exploring.
(D) Dungeon
Where to? (Enter - D:3 @ (x,y), ? - help)
There is a stone staircase leading down here.
You climb downwards.
Found 20 gold pieces, a falchion and a scroll labelled PUKIJO EN JEO.
Found a stone staircase leading down.
There is a stone staircase leading up here.
You now have 119 gold pieces (gained 11).
f - 2 scrolls labelled PUKIJO EN JEO (gained 1)
You now have 128 gold pieces (gained 9).
t - a +0 helmet
Found a stone staircase leading up.
You see here a staff of conjuration.
No target in view!
No target in view!
No target in view!
No target in view!
No target in view!
No target in view!
u - a staff of conjuration
v - a wand of paralysis (6)
An iguana comes into view.
Found a mace.
Found a hide-covered altar of Uskayaw.
The iguana hisses angrily.
You hear a shout!
The iguana moves out of view.
No target in view!
No target in view!
No target in view!
No target in view!
No target in view!
No target in view!
No target in view!
No target in view!
A kobold comes into view. It is wielding a +0 dagger.
Found a ruby potion.
The kobold shouts!
There are monsters nearby!
You hit the iguana.
The iguana is moderately wounded.
You barely miss the iguana.
The iguana is moderately wounded.
The iguana bites you.
You hit the iguana.
The iguana is heavily wounded.
The iguana misses you.
You completely miss the iguana.
The iguana is heavily wounded.
The iguana closely misses you.
You closely miss the iguana.
The iguana is heavily wounded.
The iguana barely misses you.
You barely miss the iguana.
The iguana is heavily wounded.
The iguana bites you.
You hit the iguana but do no damage.
The iguana is heavily wounded.
The iguana bites you.
You are too injured to fight recklessly!
You are too injured to fight recklessly!
You are too injured to fight recklessly!
You are too injured to fight recklessly!
You are too injured to fight recklessly!
You are too injured to fight recklessly!
You are too injured to fight recklessly!
You are too injured to fight recklessly!
You are too injured to fight recklessly!
You are too injured to fight recklessly!
You are too injured to fight recklessly!
You are too injured to fight recklessly!
You are too injured to fight recklessly!
You are too injured to fight recklessly!
You are too injured to fight recklessly!
You are too injured to fight recklessly!
You are too injured to fight recklessly!
You hit the iguana.
The iguana is heavily wounded.
The iguana barely misses you.
You hit the iguana.
The iguana is almost dead.
You closely miss the iguana.
The iguana is almost dead.
The iguana barely misses you.
You hit the iguana.
The iguana is almost dead.
The iguana bites you!
* * * LOW HITPOINT WARNING * * *
You hit the iguana.
You kill the iguana!
You have reached level 4!
You feel clever.
Your demonic ancestry asserts itself...
You feel the presence of a demonic guardian.
You hit the kobold.
You kill the kobold!
Things that are here:
a +0 dagger; an iguana corpse Unknown command.
Are you sure you want to abandon this character and quit the game? (Confirm with "yes".)

..8.8.8...
#........
#.......
##....!.# #
#.....)_# #
#.##.......#.#
.............#
.## #....@....#
..#.##..8)8.8..#
.......?.......#
..#.##..#####..#
..#...........##
........#######
........######
#.#..........# .
#.###.####.#


There were no monsters in sight!

Vanquished Creatures
  An iguana (D:4)
  An adder (D:3)
  A worm (D:3)
  3 dart slugs
  5 orcs (D:3)
  2 ball pythons
  A bat (D:1)
  2 endoplasms (D:3)
  2 giant cockroaches
  4 goblins
  A hobgoblin (D:1)
  6 quokkas
  2 frilled lizards (D:1)
  3 kobolds
  4 rats
38 creatures vanquished.

Notes
Turn   | Place    | Note
-------+----------+-------------------------------------------
     0 | D:1      | sleeves the Demonspawn Cinder Acolyte began the quest for
                  | the Orb.
     0 | D:1      | Reached XP level 1. HP: 18/18 MP: 2/2
    89 | D:1      | Reached skill level 3 in Long Blades
   149 | D:1      | Gained mutation: You are partially covered in slimy green
                  | scales. (AC +2) [demonic ancestry]
   149 | D:1      | Reached XP level 2. HP: 24/24 MP: 3/3
  1499 | D:3      | Reached XP level 3. HP: 23/29 MP: 4/4
  1546 | D:3      | Reached skill level 4 in Long Blades
  1597 | D:3      | Found a faded altar of an unknown god.
  1791 | D:3      | Found a glowing drain.
  2046 | D:3      | Found a radiant altar of Vehumet.
  2418 | D:4      | Found a hide-covered altar of Uskayaw.
  2431 | D:4      | HP: 9/29 [iguana (9)]
  2433 | D:4      | Gained mutation: A weak demonic guardian rushes to your
                  | aid. [demonic ancestry]
  2433 | D:4      | Reached XP level 4. HP: 11/35 MP: 5/5
  2436 | D:4      | Quit the game

Illustrated notes

Levels and vault maps discovered:
D:1:      wander_arrival_desolate, layout_loops_ring
D:2:      layout_basic, kennysheep_pointless_box
D:3:      layout_loops_cross, lemuel_tele_altar,
          dreamdust_ecumenical_altar_angels_and_demons, gup_sewer_entry_spiral,
          kennysheep_generic_room_16
D:4:      layout_loops_ring, eat_drink_and_be_merry_uskayaw

Skill      XL: |  1  2  3 |
---------------+----------+-----
Long Blades    | 3 4 |  4.7
Fighting       | |  3.0
Spellcasting   | |  1.0
Fire Magic     | |  2.6

Action                   |  1- 3 |  4- 6 || total
-------------------------+-------+-------++-------
Melee: Falchion          |    43 |       ||    43
       Short sword       |   100 |     1 ||   101
Armor: Robe              |    11 |       ||    11
       Leather armour    |    35 |       ||    35
Dodge: Dodged            |    68 |       ||    68

Table legend: (Time is in decaauts)
 A = Elapsed time spent in this place.
 B = Non-inter-level travel time spent in this place.
 C = Inter-level travel time spent in this place.
 D = Time resting spent in this place.
 E = Time spent auto-exploring this place.
 F = Levels seen in this place.
 G = Mean time per level.
                   A        B        C        D        E       F      G
               +--------+--------+--------+--------+--------+-----+--------+
         Total |   2503 |   2144 |    359 |      0 |   1823 |   4 |  625.8 |
       Dungeon |   2503 |   2144 |    359 |      0 |   1823 |   4 |  625.8 |
               +--------+--------+--------+--------+--------+-----+--------+

Top non-repeatable levels by time:
     D:3: 1248 daAuts
     D:1: 679 daAuts
     D:2: 513 daAuts
     D:4: 62 daAuts
